 Dungeon Crawl Stone Soup version 0.18-a0-775-g4d9e04e (webtiles) character file.

63 JokEr the Skirmisher (level 3, 0/34 HPs)
             Began as a Draconian Berserker on Dec 13, 2015.
             Was a Believer of Trog.
             Slain by a hobgoblin (4 damage)
             ... led by Robin
             ... on level 2 of the Dungeon.
             The game lasted 00:04:48 (1803 turns).

JokEr the Skirmisher (Draconian Berserker)          Turns: 1803, Time: 00:04:48

Health: 0/34       AC:  5    Str: 20    XL:     3   Next: 89%
Magic:  3/3        EV: 12    Int:  7    God:    Trog [**....]
Gold:   109        SH:  0    Dex: 10    Spells: 0 memorised, 2 levels left

rFire  . . .     SeeInvis .     a - +0 mace
rCold  . . .     Clarity  .     (armour unavailable)
rNeg   . . .     SustAt   .     (no shield)
rPois  .         Gourm    .     (helmet restricted)
rElec  .         Spirit   .     (no cloak)
rCorr  .         Dismiss  .     (no gloves)
rMut   .         Stasis   .     (no boots)
MR     .....                    (no amulet)
Stlth  +.........               (no ring)
                                (no ring)

@: not resistant to hostile enchantments, very unstealthy
A: unfitting armour, cold-blooded, AC +5
a: Berserk, Trog's Hand, Burn Spellbooks, Renounce Religion


You were on level 2 of the Dungeon.
You worshipped Trog.
Trog was pleased with you.
You were not hungry.

You visited 1 branch of the dungeon, and saw 2 of its levels.

You collected 109 gold pieces.

Inventory:

Hand Weapons
 a - a +0 mace (weapon)
Jewellery
 d - an uncursed amulet of regeneration {unknown}
 k - an uncursed ring of protection from cold {unknown}
 m - an uncursed ring of magical power {unknown}
Scrolls
 b - a scroll of blinking {unknown}
 c - 2 scrolls of remove curse {unknown}
 e - 2 scrolls of noise {unknown}
 j - a scroll of identify {unknown}
 l - a scroll of enchant armour {unknown}
 n - a scroll of fog {unknown}
Potions
 h - a potion of curing {unknown}
 i - a potion of degeneration {unknown}
Comestibles
 f - 3 meat rations
 g - a beef jerky


   Skills:
 + Level 4.4 Fighting
 + Level 4.0 Maces & Flails
 - Level 2.6 Dodging


You had 2 spell levels left.
You didn't know any spells.

Dungeon Overview and Level Annotations

Branches:
Dungeon (2/15)

Altars:
Pakellas
Yredelemnul

Annotations:
D:2 Robin


Innate Abilities, Weirdness & Mutations

Your plain brown scales are hard (AC +5).
Your body does not fit into most forms of armour.
You are cold-blooded and may be slowed by cold attacks.


Message History

The goblin hits you but does no damage. The goblin closely misses you.
The hobgoblin barely misses you. Robin hits you from afar with a spear.
You hit the hobgoblin.
You kill the hobgoblin!
Trog accepts your kill.
Your Maces & Flails skill increases to level 4!
The goblin hits you but does no damage. The goblin closely misses you.
Robin throws the goblin at you!
The goblin unwields an uncursed hunting sling.
The goblin wields an uncursed dagger.
The goblin hits you but does no damage. The hobgoblin hits you.
* * * LOW HITPOINT WARNING * * *
The goblin closely misses you. x2
Robin hits you with a spear.
* * * LOW HITPOINT WARNING * * *
There is an open door, spattered with blood here.
Items here: ))) †† a club; a dagger; a club; a goblin corpse; a goblin corpse You closely miss Robin.
The hobgoblin hits you.
You die...

#################
##≈≈..#g.†#......#
#≈≈≈.g@g..'......#
##≈≈≈gg#g..#......#
#≈≈#########..##''#
##≈≈#....).....#...#
#...'..........#...#
#...)(.........#g..# ######
#...'÷....((...#.g.#
.....####(≈≈#........).#ggg#
####...(..≈≈#########..#.g.#


You could see Robin, a hobgoblin (frenzied) and 4 goblins.

Vanquished Creatures
  An ooze (D:1)
  A giant gecko (D:2)
  A ball python (D:2)
  3 bats
  3 giant cockroaches (D:1)
  15 goblins
  7 hobgoblins
  5 jackals (D:2)
  2 giant newts
  6 kobolds
  9 rats
53 creatures vanquished.

Notes
Turn   | Place    | Note
--------------------------------------------------------------
     0 | D:1      | JokEr the Draconian Berserker began the quest for the Orb.
     0 | D:1      | Reached XP level 1. HP: 19/19 MP: 1/1
   128 | D:1      | Reached XP level 2. HP: 23/26 MP: 2/2
   362 | D:1      | Reached ** piety under Trog
   502 | D:1      | Reached skill level 4 in Fighting
   505 | D:1      | Reached XP level 3. HP: 12/33 MP: 3/3
   810 | D:2      | Found a basalt altar of Yredelemnul.
   881 | D:2      | Found an oddly glowing altar of Pakellas.
  1766 | D:2      | Noticed Robin
  1803 | D:2      | Slain by a hobgoblin

Vault maps used:
D:1:      saegor_arrival_simple_f
D:2:      kennysheep_goblin_castle, yredelemnul_altar_generic,
          nicolae_overflow_crystal_walls

Action                   || total
-------------------------++-------
Melee: Mace              ||   160
  Eat: Bread ration      ||     1
